 Dungeon Crawl Stone Soup version bcrawl-1.19.1 (webtiles) character file.

Game seed: 12264306225149072073

128 Mrkan the Chucker (level 4, 0/44 HPs)
             Began as a Troll Hunter on Nov 26, 2019.
             Was an Initiate of Trog.
             Succumbed to Ijyb's poison
             ... on level 3 of the Dungeon.
             The game lasted 00:05:09 (2333 turns).

Mrkan the Chucker (Troll Hunter)                    Turns: 2333, Time: 00:05:09

Health: 0/44       AC:  0    Str: 20    XL:     4   Next: 86%
Magic:  3/3        EV: 14    Int:  9    God:    Trog [......]
Gold:   146        SH:  0    Dex: 10    Spells: 3/3 levels left

rFire    . . .     SeeInvis .     - Unarmed
rCold    . . .     Gourm    +   (shield currently unavailable)
rNeg     . . .     Faith    .   (armour unavailable)
rPois    .         Spirit   .   (helmet currently unavailable)
rElec    .         Reflect  .   (cloak currently unavailable)
rCorr    .         Harm     .   (gloves unavailable)
MR       .....                  (boots unavailable)
Stlth    +.........             (no amulet)
HPRegen  0.54/turn              (ring currently unavailable)
MPRegen  0.08/turn              (ring currently unavailable)

@: lethally poisoned (0 -> -39), pig-form (expiring), very quick
A: small, almost no armour, unfitting armour, fast metabolism 3, gourmand,
regeneration 1, AC +5
a: Renounce Religion


You were on level 3 of the Dungeon.
You worshipped Trog.
Trog was noncommittal.
You were completely stuffed.
You were a filthy swine.
You visited 1 branch of the dungeon, and saw 3 of its levels.

You collected 146 gold pieces.

Inventory:

Missiles
 b - 120 large rocks (quivered)
 c - 2 throwing nets {!f}
Armour
 j - a +0 shield of cold resistance (melded)
Jewellery
 k - a cursed -3 ring of evasion {unknown}
 l - an uncursed ring of insulation {unknown}
Scrolls
 a - 2 scrolls of magic mapping {unknown}
 e - a scroll of teleportation {unknown}
 f - 7 scrolls of identify {unknown}
 g - a scroll of noise {unknown}
 o - a scroll of enchant weapon {unknown}
 p - a scroll of amnesia {unknown}
Potions
 h - 4 potions of heal wounds {unknown}
 i - a potion of lignification {unknown}
 n - a potion of invisibility {unknown}
Comestibles
 d - 3 rations {!d}
 m - 8 chunks of flesh


   Skills:
 + Level 2.7 Fighting
 - Level 3.6 Throwing
 - Level 1.5 Dodging
 - Level 0.4 Stealth
 * Level 3.6 Unarmed Combat


You had 3 spell levels left.
You didn't know any spells.
Your spell library was empty.

Dungeon Overview and Level Annotations

Branches:
Dungeon (3/12)

Altars:
Trog

Annotations:
D:3 Ijyb


Innate Abilities, Weirdness & Mutations

You cannot wear most types of armour.
((Your thick skin is tough. (AC +5)))
You are too large for most types of armour.
((You have claws for hands.))
Your metabolism is lightning-fast.
You like to eat raw meat.
Your natural rate of healing is unusually fast.


Message History

Ijyb hits you with a +1 dagger of venom.
* * * LOW HITPOINT WARNING * * *
You hit Ijyb but do no damage.
Ijyb is lightly wounded.
* * * LOW HITPOINT WARNING * * *
You feel sick.
Ijyb hits you with a +1 dagger of venom.
* * * LOW HITPOINT WARNING * * *
You are more poisoned.
You barely miss Ijyb.
Ijyb is lightly wounded.
Your transformation is almost over.
* * * LOW HITPOINT WARNING * * *
You feel very sick.
Ijyb hits you with a +1 dagger of venom.
* * * LOW HITPOINT WARNING * * *
You are more poisoned.
You hit Ijyb but do no damage.
Ijyb is lightly wounded.
You die...

# ... ## #.. #####.
#...#########.....
#.#...............
#.# #............
#.# #........รทรท..
#g# #............
#h# #............
#.# #........>...
#.# #...#####.#..
#.# ##.#######.###
###.###..#.......#
#................# #
#................#.#
#................#.#
##.##..###..........


You could see Ijyb.

Vanquished Creatures
  Terence (D:3)
  A worker ant (D:2)
  3 worms
  A dart slug (D:1)
  6 leopard geckos
  4 orcs (D:3)
  4 goblins
  6 hobgoblins
  8 jackals
  7 bats
  A frilled lizard (D:1)
  7 kobolds
  5 rats
54 creatures vanquished.

Notes
Turn   | Place    | Note
-------+----------+-------------------------------------------
     0 | D:1      | Mrkan the Troll Hunter began the quest for the Orb.
     0 | D:1      | Reached XP level 1. HP: 19/19 MP: 0/0
   227 | D:1      | Reached skill level 1 in Unarmed Combat
   240 | D:1      | Reached XP level 2. HP: 18/28 MP: 1/1
  1232 | D:2      | Reached XP level 3. HP: 13/35 MP: 2/2
  1776 | D:2      | Found a bloodstained altar of Trog.
  1778 | D:2      | Became a worshipper of Trog the Wrathful
  1882 | D:2      | Gained mutation: Your natural rate of healing is unusually
                  | fast. [Troll growth]
  1882 | D:2      | Reached XP level 4. HP: 36/44 MP: 3/3
  2249 | D:3      | Noticed Terence
  2259 | D:3      | Killed Terence
  2313 | D:3      | Noticed Ijyb
  2332 | D:3      | HP: 2/44 [Ijyb/+1 dagger of venom (2)]
  2333 | D:3      | Succumbed to Ijyb's poison

Skill      XL: |  1  2  3  4 |
---------------+-------------+-----
Unarmed Combat | 1 2 3 |  3.6
Fighting       | 2 |  2.7
Throwing       | |  3.6
Dodging        | |  1.5
Stealth        | |  0.4

Action                   |  1- 3 |  4- 6 || total
-------------------------+-------+-------++-------
Melee: Unarmed           |    98 |    84 ||   182
       Short sword       |     3 |       ||     3
       Punch             |     1 |       ||     1
 Stab: Sleeping          |     1 |       ||     1
  Eat: Chunk             |    14 |     3 ||    17
       Ration            |     1 |       ||     1
Armor: Skin              |    39 |    50 ||    89
Dodge: Dodged            |    69 |    41 ||   110
Block: Shield            |    20 |    49 ||    69
